Wort, lawful male human Monk -- ---- --- |>-- ----- |..| |..-- - ....| --...-- |..| ....----......| |.....-- |.-- ..............| --......| |.| -..............- |.......| |.| ----- -- --........... |...--.-- |.| |...| .. --^..... |...---- |.| |...| -.---%..| --...)| ---- |.| ---.| |.)[.%d.-- --..)%)| |..| |.| |.| ---%.o(..| |....|.| |..| |.| |.| |.@o...| |...-|.----|.----.| |.| ---.-..-- -.----- ---.||)...||......--- |.-- |...|.--- |...|.| --- |.|---..--.|......| |..-- -- |--.|...| -...---.-- -----.|--|.....|......----...| --.--.......| ---........| ---.....|..|-....|--..|...|...-- |......--...| |.........-- |<.........|--...| -----.)....-- ---...........-----...-.....----------.|......--- |...| |`^%....| |......................................|---.--- ----- |...--..| ----.|.------.-------------.------------ --- --------- ----- --- --- Wort the Initiate Experience level: 6 Strength: 10 Dexterity: 17 Constitution: 10 Intelligence: 10 Wisdom: 14 Charisma: 8 Health: 0(38) Energy: 27(31) Def: 6 Gold: 334 Moves: 2221 Dungeon seed: xVfVxQyYtmmV6-lO Game ID: Wort_1499322651 Your Inventory: Coins $ - 334 gold pieces Weapons m - a cursed -3 dart o - 4 +0 darts Armor e - an uncursed +2 pair of leather gloves (being worn) n - an uncursed +1 robe (being worn) y - an uncursed +0 oilskin cloak Y - an uncursed +0 orcish helm Comestibles f - 5 uncursed food rations g - 5 uncursed apples h - 5 uncursed oranges i - 5 uncursed fortune cookies l - an uncursed slime mold B - 5 uncursed tripe rations C - an uncursed tin of lichen Q - an uncursed partly eaten apple Scrolls b - an uncursed scroll of enchant armor k - an uncursed scroll of enchant weapon p - 2 uncursed scrolls of create monster M - an uncursed scroll of gold detection Spellbooks a - a blessed spellbook of healing J - an uncursed spellbook of cause fear Potions c - 2 uncursed potions of healing d - a blessed potion of healing t - an uncursed potion of enlightenment u - a cursed potion of speed v - an uncursed potion of fruit juice w - an uncursed potion of water H - an uncursed potion of extra healing K - an uncursed potion of object detection L - an uncursed potion of blindness Rings I - an uncursed ring of poison resistance Tools j - an uncursed oil lamp (0:1137) F - 6 uncursed tallow candles (0:200) G - 2 uncursed wax candles (0:400) O - a cursed wax candle (0:400) P - an uncursed leash Gems q - 2 uncursed worthless pieces of black glass r - an uncursed worthless piece of green glass z - 2 uncursed worthless pieces of red glass N - an uncursed worthless piece of yellowish brown glass Spells and supernatural/magical abilities: Name Level Category Fail Memory h - healing 1 healing 0% 89% W - pray for help -- divine ? -- Your skills at the end: Fighting Skills martial arts [Skilled] wands [Basic] Weapon Skills Spellcasting Skills healing spells [Basic] Final Attributes: You were piously aligned. You were sleep resistant. You were poison resistant. You saw invisible. You were stealthy. You were fast. You are dead. Vanquished creatures: 2 small mimics a housecat 2 wood nymphs 3 Mordor orcs 8 Uruk-hai a pony 4 gnome lords a gnomish wizard a kobold mummy a ghoul 2 giant ants a floating eye a kitten an iguana 3 acid blobs a large kobold 3 giant rats a brown mold a green mold 15 gnomes 2 jackals a goblin 4 grid bugs 2 bats 4 lichens a kobold zombie 4 newts 71 creatures vanquished. Voluntary challenges: You followed a strict vegan diet. You were an atheist. You never hit with a wielded weapon. You were illiterate. You never genocided any monsters. You never polymorphed an object. You never changed form. You used no wishes. You never split a pudding. You never wrote Elbereth's name. You never violated your personal moral code. Dungeon overview: The Dungeons of Doom: levels 1 to 4 Level 1 a long staircase Level 2 (TREASURE) Level 3 Level 4 (TREASURE) a delicatessen, a vault stairs to The Gnomish Mines The Gnomish Mines: levels 5 to 6 Level 5 stairs to The Dungeons of Doom Level 6 <- You were here History has recorded: On T:1 you entered the Dungeons of Doom to retrieve the Amulet of Yendor! On T:194 you reached level 2 of The Dungeons of Doom. On T:485 you advanced to experience level 2. On T:575 you reached level 3 of The Dungeons of Doom. On T:901 you reached level 4 of The Dungeons of Doom. On T:1154 you advanced to experience level 3. On T:1174 you advanced to experience level 4. On T:1476 you advanced to experience level 5. On T:1563 you reached level 1 of The Gnomish Mines. On T:1870 you reached level 2 of The Gnomish Mines. On T:2170 you advanced to experience level 6. Score breakdown: Gold: 334 ( 8589 points) Experience: 6 levels (12456 points) Exploration: 6 levels ( 12.00%) ( 9583 points) Discoveries: 1 item ( 0.35%) ( 1786 points) Valuables value: (no points given unless you survive) Artifact value: 0 ( 0 points) Variety of kills: 27 monsters ( 7.05%) ( 7965 points) Turncount: 2221 turns ( -155 points) Survival: died (score multiplied by 80%) Total score: 32179 Latest messages: The world spins and goes dark. The Uruk-hai thrusts her crude short sword at you. The Uruk-hai hits! The Uruk-hai swings his crude bow at you. The Uruk-hai hits! The dog bites the Uruk-hai. The Uruk-hai swings his crude bow at the dog. The Uruk-hai misses the dog. The dog bites the Uruk-hai. The Uruk-hai thrusts her crude short sword at the dog. The Uruk-hai misses the dog. The Uruk-hai swings his crude bow at the dog. The Uruk-hai misses the dog. The dog misses the Uruk-hai. (2x) The Uruk-hai thrusts her crude short sword at the dog. The Uruk-hai misses the dog. The Uruk-hai swings his crude bow at the dog. The Uruk-hai hits the dog. The dog bites the Uruk-hai. You come to. The Uruk-hai thrusts her crude short sword at you. The Uruk-hai misses. The Uruk-hai swings his crude bow at you. The Uruk-hai hits! You die... Final status: Goodbye Wort the Monk, killed by an Uruk-hai... You died in The Gnomish Mines on dungeon level 6 with 32179 points, and 334 pieces of gold, after 2221 moves. You were level 6 with a maximum of 38 hit points when you died.